 Dungeon Crawl Stone Soup version 0.23.2-1-ga50397a6bc (webtiles) character file.

Game seed: 18171112020797231129

4 Ethylacetat the Digger (level 1, -1/10 HPs)
             Began as a Gargoyle Earth Elementalist on Apr 30, 2019.
             Slain by a leopard gecko (3 damage)
             ... on level 1 of the Dungeon.
             The game lasted 00:00:44 (296 turns).

Ethylacetat the Digger (Gargoyle Earth Elementalist) Turns: 296, Time: 00:00:45

Health: -1/10      AC:  4    Str: 11    XL:     1   Next: 60%
Magic:  3/3        EV: 12    Int: 15    God:
Gold:   9          SH:  0    Dex: 10    Spells: 3/4 levels left

rFire    . . .     SeeInvis .   (no weapon)
rCold    . . .     Gourm    .   (no shield)
rNeg     + . .     Faith    .   c - +0 robe
rPois    ∞         Spirit   .   (no helmet)
rElec    +         Reflect  .   (no cloak)
rCorr    .         Harm     .   (no gloves)
MR       .....                  (no boots)
Stlth    ++........             (no amulet)
HPRegen  0.03/turn              (no ring)
MPRegen  0.08/turn              (no ring)

@: no status effects
A: negative energy resistance 1, electricity resistance, unbreathing,
petrification resistance, rot immunity, AC +2
a: no special abilities


You were on level 1 of the Dungeon.
You were not hungry.

You visited 1 branch of the dungeon, and saw 1 of its levels.

You collected 9 gold pieces.

Inventory:

Missiles
 b - 45 stones (quivered)
Armour
 c - a +0 robe (worn)
Scrolls
 f - a scroll of identify {unknown}
Potions
 e - a potion of berserk rage {unknown}
 g - a potion of agility {unknown}
Comestibles
 a - a chunk of flesh
 d - a ration


   Skills:
 - Level 1.5 Dodging
 - Level 2.1 Stealth
 + Level 2.1 Spellcasting
   Level 0.7 Transmutations
 * Level 3.9 Earth Magic


You had 3 spell levels left.
You knew the following spells:

 Your Spells              Type           Power        Failure   Level  Hunger
a - Sandblast             Erth           ##....       4%          1    #......

Your spell library contained the following spells:

 Spells                   Type           Power        Failure   Level  Hunger
 Passwall                 Tmut/Erth      #.......     13%         2    ###....
 Stone Arrow              Conj/Erth      #.....       30%         3    ###....
 Petrify                  Tmut/Erth      #.......     63%         4    #####..
 Lee's Rapid Deconstruct  Erth           ##........   77%         5    ######.


Dungeon Overview and Level Annotations

Branches:
Dungeon (1/15)

Altars:


Innate Abilities, Weirdness & Mutations

You are resistant to torment.
Your stone body is resilient. (AC +2)
You are immune to poison.
You resist negative energy. (rN+)
You are resistant to electric shocks. (rElec)
You can survive without breathing.
You are immune to petrification.
You are immune to rotting.


Message History

The leopard gecko completely misses you.
You hit the leopard gecko but do no damage.
The leopard gecko is heavily wounded.
The bat misses you. The bat hits you. The rat misses you.
The leopard gecko barely misses you.
You completely miss the leopard gecko.
The leopard gecko is heavily wounded.
The bat hits you. The bat hits you but does no damage.
The rat completely misses you.
The leopard gecko bites you but does no damage.
You are too injured to fight recklessly!
You are too injured to fight recklessly!
You are too injured to fight recklessly!
You are too injured to fight recklessly!
You barely miss the bat. The bat barely misses you.
The leopard gecko bites you but does no damage.
The rat bites you.
* * * LOW HITPOINT WARNING * * *
The bat barely misses you. The leopard gecko bites you.
You die...

#......#.......##....
......#.......##....
.....#.......##....
###....#.#.....##....
.###.....##.#.....##....
.........#...#####..)...
....[..r.#..............
..r...#l......####......
..... #@b.....# #......
......#.......# #......
......#.......####......
.##..)..................
#.....................
#......####...........
#......# #...........
#......####...........
#.............###


You could see a leopard gecko, a bat and a rat.

Vanquished Creatures
  2 hobgoblins (D:1)
  A ball python (D:1)
  A rat (D:1)
4 creatures vanquished.

Notes
Turn   | Place    | Note
-------+----------+-------------------------------------------
     0 | D:1      | Ethylacetat the Gargoyle Earth Elementalist began the quest
                  | for the Orb.
     0 | D:1      | Reached XP level 1. HP: 10/10 MP: 3/3
   296 | D:1      | Slain by a leopard gecko

Action                   || total
-------------------------++-------
Melee: Unarmed           ||    34
 Cast: Sandblast         ||     2
Armor: Robe              ||    16
Dodge: Dodged            ||    42
